 Dungeon Crawl Stone Soup version 0.24.1-4-ge52af88ad5 (webtiles) character file.

Game seed: 4723034895386189554, levelgen mode: deterministic

170 Curus the Spear-Bearer (level 5, -2/38 HPs)
             Began as a Merfolk Gladiator on Apr 14, 2020.
             Slain by a frilled lizard (3 damage)
             ... on level 3 of the Dungeon.
             The game lasted 00:12:59 (1711 turns).

Curus the Spear-Bearer (Merfolk Gladiator)          Turns: 1711, Time: 00:13:00

Health: -2/38      AC:  4    Str: 15    XL:     5   Next: 51%
Magic:  5/5        EV: 14    Int:  7    God:
Gold:   103        SH:  0    Dex: 16    Spells: 4/4 levels left

rFire    . . .     SeeInvis .   a - +0 trident
rCold    . . .     Gourm    .   (no shield)
rNeg     . . .     Faith    .   b - +0 leather armour
rPois    +         Spirit   .   c - +0 helmet
rElec    .         Reflect  .   (no cloak)
rCorr    .         Harm     .   (no gloves)
MR       .....                  (no boots)
Stlth    +.........             (no amulet)
HPRegen  0.12/turn              k - ring of poison resistance
MPRegen  0.09/turn              (no ring)

@: no status effects
A: change form in water, swift swim, stealthy swim
a: no special abilities


You were on level 3 of the Dungeon.
You were not hungry.

You visited 1 branch of the dungeon, and saw 3 of its levels.

You collected 103 gold pieces.

Inventory:

Hand Weapons
 a - a +0 trident (weapon)
Missiles
 d - 3 throwing nets (quivered)
Armour
 b - a +0 leather armour (worn)
 c - a +0 helmet (worn)
Jewellery
 i - an uncursed ring of fire
 k - a ring of poison resistance (left hand)
Scrolls
 e - 3 scrolls of fear
 g - 2 scrolls of identify
Potions
 h - 2 potions of magic
 j - 3 potions of flight
Comestibles
 f - 5 rations


   Skills:
 - Level 2.1 Fighting
 + Level 8.7 Polearms
 - Level 2.0 Throwing
 - Level 4.0 Dodging


You had 4 spell levels left.
You didn't know any spells.
Your spell library was empty.

Dungeon Overview and Level Annotations

Branches:
Dungeon (3/15)

Altars:


Message History

The worker ant is heavily wounded.
The worker ant bites you.
* * * LOW HITPOINT WARNING * * *
The orc hits you but does no damage. The kobold closely misses you.
The frilled lizard bites you but does no damage.
The kobold misses you.
All of the chunks of flesh in your inventory have rotted away.
You closely miss the worker ant.
The worker ant is heavily wounded.
The worker ant closely misses you. The orc barely misses you.
The kobold hits you with a +0 short sword.
* * * LOW HITPOINT WARNING * * *
The frilled lizard barely misses you.
You hit the worker ant.
The worker ant is severely wounded.
The worker ant bites you.
* * * LOW HITPOINT WARNING * * *
The kobold hits you but does no damage. The orc completely misses you.
The kobold completely misses you. The frilled lizard bites you.
You die...

#.# #.# #..## ##.## #.
#.## ##...## ####
#.#...# ### ≈≈≈
##....# #.###≈≈≈≈
##.#.#.## ##........
#.#####.#####..../....
#.# #...)(a#o....≈≈.
#.## ##.#####@l...≈..≈
##.###.## #KK...≈...
##....# #......≈≈⌠
####.# #.......⌠≈ #.#
##...≈≈... #.#
#..≈..≈≈. #.#
#$.≈....≈ #.# ...≈≈%.
#.#


You could see a worker ant, an orc, 2 kobolds and a frilled lizard.

Vanquished Creatures
  2 orc wizards (D:3)
  5 adders
  2 oozes (D:2)
  A worm (D:2)
  2 dart slugs
  A leopard gecko (D:1)
  3 orcs (D:3)
  A ball python (D:3)
  5 bats
  3 giant cockroaches
  6 hobgoblins
  2 quokkas (D:2)
  2 frilled lizards
  8 goblins
  5 kobolds
  5 rats
53 creatures vanquished.

Notes
Turn   | Place    | Note
-------+----------+-------------------------------------------
     0 | D:1      | Curus the Merfolk Gladiator began the quest for the Orb.
     0 | D:1      | Reached XP level 1. HP: 16/16 MP: 1/1
   137 | D:1      | Reached skill level 5 in Polearms
   146 | D:1      | Reached XP level 2. HP: 21/22 MP: 2/2
   652 | D:2      | Reached skill level 6 in Polearms
   652 | D:2      | Reached XP level 3. HP: 27/27 MP: 3/3
  1134 | D:2      | Reached skill level 7 in Polearms
  1134 | D:2      | Reached XP level 4. HP: 29/33 MP: 4/4
  1470 | D:3      | Reached skill level 8 in Polearms
  1470 | D:3      | Reached XP level 5. HP: 16/38 MP: 5/5
  1711 | D:3      | HP: 1/38 [worker ant (4)]
  1711 | D:3      | Slain by a frilled lizard

Levels and vault maps discovered:
D:1:      minmay_arrival_arboretum_small, layout_basic, corner_web_ring
D:2:      layout_basic, first_ration, hex_large
D:3:      cheibrodos_helix_gallery, layout_loops_ring,
          chequers_ecumenical_altar_island, corexii_corridor_pit,
          trog_hazing_becter

Skill      XL: |  1  2  3  4 |
---------------+-------------+-----
Polearms       | 5 6 7 8 |  8.7
Fighting       | |  2.1
Throwing       | |  2.0
Dodging        | |  4.0

Action                   |  1- 3 |  4- 6 || total
-------------------------+-------+-------++-------
Melee: Trident           |    93 |    95 ||   188
  Use: Scroll            |     5 |     2 ||     7
       Potion            |     1 |       ||     1
 Stab: Sleeping          |     2 |       ||     2
  Eat: Chunk             |     1 |     2 ||     3
Armor: Leather armour    |    14 |    25 ||    39
Dodge: Dodged            |    46 |    97 ||   143
